 Dungeon Crawl Stone Soup version 0.28-a0-80-g9707f7362f (webtiles) character file.

Game seed: 16095848595088101876

64 pokeman the Magician (level 3, -1/20 HPs)
             Began as a Deep Elf Hedge Wizard on Aug 4, 2021.
             Killed from afar by a white imp (11 damage)
             ... with a puff of frost
             ... summoned by Natasha
             ... on level 2 of the Dungeon.
             The game lasted 00:02:37 (1617 turns).

pokeman the Magician (Deep Elf Hedge Wizard)        Turns: 1617, Time: 00:02:38

Health: -1/20      AC:  4    Str:  7    XL:     3   Next: 91%
Magic:  4/11       EV: 11    Int: 19    God:
Gold:   33         SH:  0    Dex: 14    Spells: 1/12 levels left

rFire   . . .      SeeInvis .   i - +0 short sword (venom)
rCold   . . .      Faith    .   (no shield)
rNeg    + . .      Spirit   .   g - +0 leather armour
rPois   .          Reflect  .   c - +0 hat
rElec   .          Harm     .   (no cloak)
rCorr   .          Rampage  .   b - +0 pair of gloves
Will    .....                   (no boots)
Stlth   ++........              (no amulet)
HPRegen 0.06/turn               e - ring of positive energy
MPRegen 0.12/turn               (no ring)

@: very slightly contaminated
A: no striking features
a: no special abilities


You were on level 2 of the Dungeon.
You visited 1 branch of the dungeon, and saw 2 of its levels.

You collected 33 gold pieces.

Inventory:

Hand Weapons
 i - a +0 short sword of venom (weapon)
Armour
 b - a +0 pair of gloves (worn)
 c - a +0 hat (worn)
 g - a +0 leather armour (worn)
Jewellery
 e - a ring of positive energy (left hand)
Scrolls
 d - a scroll of identify {unknown}
Potions
 a - a potion of heal wounds {unknown}
 f - a potion of cancellation {unknown}
 h - a potion of ambrosia {unknown}


   Skills:
 - Level 1.0 Fighting
 - Level 1.1 Armour
 + Level 2.4 Dodging
 - Level 2.4 Stealth
 * Level 5.4 Spellcasting
 + Level 2.0 Conjurations
 - Level 1.1 Summonings
 - Level 1.1 Translocations
 + Level 0.0 Fire Magic


You had one spell level left.
You knew the following spells:

 Your Spells              Type           Power      Damage    Failure   Level
a - Magic Dart            Conj           52%        1d5       8%          1
b - Mephitic Cloud        Conj/Pois/Air  7%         N/A       36%         3
c - Call Imp              Summ           9%         N/A       17%         2
d - Blink                 Tloc           N/A        N/A       17%         2
e - Conjure Flame         Conj/Fire      9%         6-21      34%         3

Your spell library contained the following spells:

 Spells                   Type           Power      Damage    Failure   Level
 Slow                     Hex            5%         N/A       26%         2


Dungeon Overview and Level Annotations

Branches:
Dungeon (2/15)

Altars:

Annotations:
D:2 Natasha


Message History

Natasha howls an incantation.
You feel troubled.
Natasha casts a spell.
Something closely misses your crimson imp.
Your crimson imp hits Natasha.
The white imp barely misses your crimson imp.
Unknown command.
Your crimson imp completely misses the white imp.
Something hits your crimson imp but does no damage.
Your crimson imp hits Natasha.
The white imp gestures at you.
The puff of frost hits your crimson imp.
Your crimson imp is frozen!
Something hits your crimson imp.
Your crimson imp closely misses the white imp.
You feel yourself speed up.
Something barely misses your crimson imp.
The white imp gestures at you.
The puff of frost hits your crimson imp!
Your crimson imp is frozen!
Your crimson imp dies!
Your crimson imp closely misses Natasha.
Something barely misses your crimson imp.
Your crimson imp hits Natasha.
Something barely misses your crimson imp.
Casting: Call Imp (safe; 17% risk of failure)
Confirm with . or Enter, or press ? or * to list all spells.
You miscast Call Imp.
You are very lightly contaminated with residual magic.
Nothing appears to happen.
Something misses your crimson imp. Natasha claws your crimson imp.
Something barely misses your crimson imp.
Your crimson imp completely misses Natasha.
Casting: Call Imp (safe; 17% risk of failure)
Confirm with . or Enter, or press ? or * to list all spells.
A beastly little devil appears in a puff of flame.
The white imp gestures at you. The puff of frost hits you!
Ouch! That really hurt!
You die...

### #<# #.# #.#
#.# #.# #.#
######.##
#h.5@5..#
#########5#######
.........(.)....#
.......)....###.#
......<..h....#
............#.#
!......$...<....
............#.###
.....>......'...


You could see Natasha (ally target), a white imp (summoned, ally target) and 2
friendly crimson imps.

Vanquished Creatures
  Natasha (D:2)
  A dart slug (D:1)
  2 ball pythons (D:1)
  3 endoplasms (D:1)
  2 giant cockroaches
  7 goblins
  A hobgoblin (D:1)
  3 quokkas
  A bat (D:1)
  2 frilled lizards (D:1)
  5 kobolds (D:1)
  7 rats (D:1)
35 creatures vanquished.

Notes
Turn   | Place    | Note
-------+----------+-------------------------------------------
     0 | D:1      | pokeman the Deep Elf Hedge Wizard began the quest for the
                  | Orb.
     0 | D:1      | Reached XP level 1. HP: 10/10 MP: 7/7
   253 | D:1      | Reached XP level 2. HP: 15/15 MP: 6/9
   794 | D:1      | Reached skill level 5 in Spellcasting
   998 | D:1      | Reached XP level 3. HP: 20/20 MP: 8/11
  1002 | D:1      | Learned a level 3 spell: Mephitic Cloud
  1005 | D:1      | Learned a level 2 spell: Call Imp
  1008 | D:1      | Learned a level 2 spell: Blink
  1012 | D:1      | Learned a level 3 spell: Conjure Flame
  1251 | D:1      | Found a faded altar of an unknown god.
  1486 | D:2      | Noticed Natasha
  1495 | D:2      | Killed Natasha
  1496 | D:2      | Reached skill level 1 in Fighting
  1496 | D:2      | Reached skill level 1 in Armour
  1600 | D:2      | Noticed Natasha
  1617 | D:2      | Killed from afar by a white imp

Illustrated notes

Levels and vault maps discovered:
D:1:      lightli_arrival_statuegarden, layout_basic,
          shapermc_ecumenical_altar_hornbeckon, kennysheep_decorative_pillar
D:2:      layout_basic, uniq_natasha, uniq_crazy_yiuf_cottage

Skill      XL: |  1  2  3 |
---------------+----------+-----
Spellcasting   | 5 |  5.4
Fighting       | 1 |  1.0
Armour         | 1 |  1.1
Conjurations   | 2 |  2.0
Dodging        | |  2.4
Stealth        | |  2.4
Summonings     | |  1.1
Translocations | |  1.1

Action                   || total
-------------------------++-------
Melee: Short sword       ||     2
 Cast: Magic Dart        ||    71
       Call Imp          ||     3
       Mephitic Cloud    ||     1
Armor: Robe              ||     1
       Leather armour    ||     1
Dodge: Dodged            ||     3

Table legend: (Time is in decaauts)
 A = Elapsed time spent in this place.
 B = Non-inter-level travel time spent in this place.
 C = Inter-level travel time spent in this place.
 D = Time resting spent in this place.
 E = Time spent auto-exploring this place.
 F = Levels seen in this place.
 G = Mean time per level.
                   A        B        C        D        E       F      G
               +--------+--------+--------+--------+--------+-----+--------+
         Total |   1626 |   1619 |      7 |     73 |   1344 |   2 |  813.0 |
       Dungeon |   1626 |   1619 |      7 |     73 |   1344 |   2 |  813.0 |
               +--------+--------+--------+--------+--------+-----+--------+

Top non-repeatable levels by time:
     D:1: 1436 daAuts
     D:2: 190 daAuts
